 Dungeon Crawl Stone Soup version 0.32-a0-675-gdc239d62e1 (webtiles) character file.

Game seed: 7354161534302347984

11 gimp the Changeling (level 2, 0/21 HPs)
             Began as a Merfolk Shapeshifter on Mar 11, 2024.
             Killed from afar by Natasha (7 damage)
             ... with a magic dart
             ... on level 1 of the Dungeon.
             The game lasted 00:00:57 (809 turns).

gimp the Changeling (Merfolk Shapeshifter)           Turns: 809, Time: 00:00:57

Health: 0/21       AC:  2    Str: 14    XL:     2   Next: 25%
Magic:  2/2        EV: 12    Int:  9    God:
Gold:   41         SH:  0    Dex: 13    Spells: 1/1 levels left

rFire   . .          .
                       - Unarmed
rCold   . . .        (no shield)
rNeg    . . .        a - +0 animal skin
rPois   .            (helmet currently unavailable)
rElec   .            (cloak currently unavailable)
rCorr   .            (gloves currently unavailable)
SInv    .            (boots currently unavailable)
Will    .....        (no amulet)
Stlth   +            (no ring)
HPRegen 0.23/turn    (no ring)
MPRegen 0.08/turn

%: no passive effects
@: beast-form
A: beast (slay +2), (nimble swimmer 2), mertail
a: Begin Untransformation


You were on level 1 of the Dungeon.
You were a hulking beast.
You visited 1 branch of the dungeon, and saw 2 of its levels.

You collected 41 gold pieces.

Inventory:

Armour
 a - a +0 animal skin (worn)
 g - a +0 cloak
Talismans
 c - a beast talisman (active)
 d - a flux talisman
Scrolls
 e - a scroll of poison {unknown}
 f - a scroll of fear {unknown}
 h - a scroll of identify {unknown}
Potions
 b - a potion of lignification
 i - a potion of enlightenment {unknown}


   Skills:
 + Level 1.6 Fighting
 - Level 2.6 Dodging
 * Level 3.8 Unarmed Combat
 - Level 4.0 Shapeshifting


You had one spell level left.
You didn't know any spells.
Your spell library contained the following spells:

 Spells                   Type           Power      Damage    Failure   Level
 Inner Flame              Hex/Fire       0%         N/A       77%         3
 Flame Wave               Conj/Fire      0%         2d4       99%         4
 Sticky Flame             Fire/Alch      0%         2d4       99%         4


Dungeon Overview and Level Annotations

Branches:
Dungeon (2/15)

Altars:

Annotations:
D:1 Natasha


Innate Abilities, Weirdness & Mutations

You are a hulking beast.
Your limbs bulge with bestial killing power. (Slay +2)
((You are very nimble when in or above water. (Stealth+, EV+, Speed+++)))
Your lower body shifts to a powerful aquatic tail in water.


Message History

A bat is nearby!
A bat is nearby!
The bat barely misses you.
You hit the bat.
You kill the bat!
You have reached level 2!
Health restored: 21; MP restored: 2 A kobold comes into view.
It is wielding a +0 short sword.
A kobold comes into view. It is wielding a +0 dagger.
You hit the kobold.
You kill the kobold!
No target in view!
No target in view!
You see here a +0 dagger.
The kobold shouts!
The kobold throws a stone.
The stone hits you.
You take 2 damage, and have 19/21 hp.
You closely miss the kobold. The kobold barely misses you.
You punch the kobold!
You kill the kobold!
No target in view!
Things that are here:
a +0 short sword; 2 stones; a kobold corpse You see here a +0 dagger.
Found a stone staircase leading down.
Health restored: 21 A ball python comes into view.
The ball python hisses angrily.
A ball python is nearby!
The ball python bites you. The ball python grabs you.
The ball python constricts you.
You take 3 damage, and have 18/21 hp.
You closely miss the ball python.
The ball python bites you but does no damage.
The ball python constricts you.
You take 2 damage, and have 16/21 hp.
You punch the ball python!
You kill the ball python!
No target in view!
No target in view!
A rat comes into view.
The rat squeaks loudly.
Health restored: 21 A rat is nearby!
A rat is nearby!
The rat bites you.
You take 2 damage, and have 19/21 hp.
You hit the rat but do no damage. You barely miss the rat.
The rat bites you but does no damage.
You hit the rat.
You kill the rat!
No target in view!
A bat comes into view.
The bat misses you.
Health restored: 21 A bat is nearby!
The bat hits you.
You see here a +0 sling of flaming.
You take 1 damage, and have 20/21 hp.
You hit the bat but do no damage. The bat hits you but does no damage.
The bat hits you. The bat completely misses you. The bat misses you.
You hit the bat.
You kill the bat!
No target in view!
You see here a +0 sling of flaming.
You see here a +0 sling of flaming.
Your legs become a tail as you enter the water.
You see here a rat skeleton.
i - a viscous black potion Health restored: 21 Done exploring.
Done exploring.
There is a stone staircase leading down here.
You climb downwards.
The hobgoblin shouts!
Natasha hisses angrily.
The ball python hisses angrily.
You hear an angry hiss.
Found a scroll labelled HEBYPL JOAV and a scroll labelled MUMEPO HOIREHA.
Found two stone staircases leading down.
There is a stone staircase leading up here.
Okay, then.
Unknown command.
The hobgoblin barely misses you. Natasha claws you.
You climb upwards.
There is a stone staircase leading down here.
You take 3 damage, and have 18/21 hp.
You barely miss the hobgoblin. You barely miss the hobgoblin.
The hobgoblin closely misses you. Natasha completely misses you.
You hit the hobgoblin.
The hobgoblin is heavily wounded.
The hobgoblin hits you. Natasha claws you.
You take 8 damage, and have 11/21 hp.
MASSIVE DAMAGE!!
You closely miss the hobgoblin.
The hobgoblin is moderately wounded.
The hobgoblin hits you.
Natasha stares at you and mumbles some strange words.
The magic dart hits you!
You die...
Natasha begins licking her fur clean.

#.# #.# # #.#
#.### #.# #....
#.# ##### #.# #.#
#.# #h# #h# #g#
#.# #.# # #.#
########
#.#########...#...
#........##.####..
#####.....#.#.##..
#.....#.#.###.


You could see Natasha and a hobgoblin.

Vanquished Creatures
  A dart slug (D:1)
  A giant cockroach (D:1)
  A ball python (D:1)
  2 bats (D:1)
  A frilled lizard (D:1)
  2 kobolds (D:1)
  3 rats (D:1)
11 creatures vanquished.

Notes
Turn   | Place    | Note
-------+----------+-------------------------------------------
     0 | D:1      | gimp the Merfolk Shapeshifter began the quest for the Orb.
     0 | D:1      | Reached XP level 1. HP: 15/15 MP: 1/1
   371 | D:1      | Found a faded altar of an unknown god.
   398 | D:1      | Reached XP level 2. HP: 21/21 MP: 2/2
   803 | D:2      | Noticed Natasha
   809 | D:1      | Killed from afar by Natasha

Illustrated notes

Levels and vault maps discovered:
D:1:      dpeg_arrival_three_same_balls, layout_loops_ring,
          shapermc_ecumenical_altar_mp_ritualfount, kennysheep_decorative_pillar
D:2:      layout_rooms, minmay_bisected, uniq_natasha

Action                     || total
---------------------------++-------
  Melee: Unarmed           ||    34
 Armour: Animal skin       ||    25
  Dodge: Dodged            ||    16

Table legend: (Time is in decaauts)
 A = Elapsed time spent in this place.
 B = Non-inter-level travel time spent in this place.
 C = Inter-level travel time spent in this place.
 D = Time resting spent in this place.
 E = Time spent auto-exploring this place.
 F = Levels seen in this place.
 G = Mean time per level.
                   A        B        C        D        E       F      G
               +--------+--------+--------+--------+--------+-----+--------+
         Total |    806 |    786 |     20 |      0 |    669 |   2 |  403.0 |
       Dungeon |    806 |    786 |     20 |      0 |    669 |   2 |  403.0 |
               +--------+--------+--------+--------+--------+-----+--------+

Top non-repeatable levels by time:
     D:1: 804 daAuts
     D:2: 1 daAuts
